 Dungeon Crawl Stone Soup version 0.30-a0-52-g86a8295270 (webtiles) character file.

Game seed: 7081877176254685060

3 kae the Firebug (level 1, 0/14 HPs)
             Began as a Demigod Fire Elementalist on Sept 6, 2022.
             Slain by a quokka (4 damage)
             ... on level 1 of the Dungeon.
             The game lasted 00:00:09 (265 turns).

kae the Firebug (Demigod Fire Elementalist)          Turns: 265, Time: 00:00:10

Health: 0/14       AC:  2    Str:  9    XL:     1   Next: 33%
Magic:  3/5        EV: 12    Int: 17    God:
Gold:   39         SH:  0    Dex: 14    Spells: 2/3 levels left

rFire   . . .      SeeInvis .    (no weapon)
rCold   . . .      Faith    .    (no shield)
rNeg    . . .      Spirit   .    a - +0 robe
rPois   .          Reflect  .    (no helmet)
rElec   .          Harm     .    (no cloak)
rCorr   .          Rampage  .    (no gloves)
Will    .....                    (no boots)
Stlth   ++........               (no amulet)
HPRegen 0.04/turn                (no ring)
MPRegen 0.09/turn                (no ring)

@: no status effects
A: high MP 1, forlorn, divine attributes
a: no special abilities


You were on level 1 of the Dungeon.
You visited 1 branch of the dungeon, and saw 1 of its levels.

You collected 39 gold pieces.


Innate Abilities, Weirdness & Mutations

You have an increased reservoir of magic. (+10% MP)
You shall have no god before yourself.
Your divine heritage dramatically boosts your attributes as you level up.


   Skills:
 - Level 1.7 Dodging
 - Level 1.7 Stealth
 + Level 1.8 Spellcasting
 * Level 1.1 Conjurations
 * Level 2.8 Fire Magic


You had 2 spell levels left.
You knew the following spells:

 Your Spells              Type           Power      Damage    Failure   Level
a - Foxfire               Conj/Fire      32%        2x1d5     9%          1

Your spell library contained the following spells:

 Spells                   Type           Power      Damage    Failure   Level
 Scorch                   Fire           22%        2d6       10%         2
 Conjure Flame            Conj/Fire      8%         6-21      26%         3
 Inner Flame              Hex/Fire       6%         N/A       32%         3
 Flame Wave               Conj/Fire      8%         2d5       65%         4

Inventory:

Missiles
 d - 6 stones
Armour
 a - a +0 robe (worn)
Potions
 b - a potion of magic
 c - a potion of heal wounds {unknown}

Dungeon Overview and Level Annotations

Branches:
Dungeon (1/15) Zot: 5734

..?..#.# ......#
..... ... #'# #.#
#†# #r# #@# #.#
#.#. #.#.#####
#.#.....#
#.#.....##########
#.#...............
#.#.....##########
#.#.....#


You could see a quokka.


Message History

You lost 1 mp, and now have 3/5 mp.
An endoplasm is nearby!
Casting: Foxfire (safe; 10% risk of failure)
Confirm with . or Enter, or press ? or * to list all spells.
You conjure some foxfire!
The endoplasm freezes you.
You are frozen.
The foxfire hits the endoplasm.
You kill the endoplasm!
Your Conjurations skill increases to level 1! 😕 HP[-3] MP[-1]
You take 3 damage, and now have 11/14 hp.
MASSIVE DAMAGE!! (PAUSE)
You lost 1 mp, and now have 2/5 mp.
A frilled lizard comes into view.
The frilled lizard hisses angrily. 😎 HP[+3] MP[+3]
Your hp is fully restored (14).
Your mp is fully restored (5).
A frilled lizard is nearby!
Unknown command.
A frilled lizard is nearby!
A frilled lizard is nearby!
Casting: Foxfire (safe; 10% risk of failure)
Confirm with . or Enter, or press ? or * to list all spells.
You conjure some foxfire!
The foxfire hits the frilled lizard.
You kill the frilled lizard! 😎 MP[-1]
You lost 1 mp, and now have 4/5 mp.
Casting: Foxfire (safe; 9% risk of failure)
Confirm with . or Enter, or press ? or * to list all spells.
You conjure some foxfire! 😎 MP[-1]
You lost 1 mp, and now have 3/5 mp.
You see here a frilled lizard corpse.
d - 6 stones You now have 7 gold pieces.
You now have 26 gold pieces (gained 19).
Found an escape hatch in the floor. 😎 MP[+2]
Your mp is fully restored (5).
Casting: Foxfire (safe; 9% risk of failure)
Confirm with . or Enter, or press ? or * to list all spells.
You conjure some foxfire! 😎 MP[-1]
You lost 1 mp, and now have 4/5 mp.
You now have 39 gold pieces (gained 13).
You open the door.
A bat and a quokka come into view. 😎 MP[+1]
Your mp is fully restored (5).
There are monsters nearby!
There are monsters nearby!
There are monsters nearby!
Casting: Foxfire (safe; 9% risk of failure)
Confirm with . or Enter, or press ? or * to list all spells.
You conjure some foxfire!
The foxfire hits the bat. 😎 MP[-1]
You lost 1 mp, and now have 4/5 mp.
The bat closely misses you.
Casting: Foxfire (safe; 9% risk of failure)
Confirm with . or Enter, or press ? or * to list all spells.
You conjure some foxfire!
The foxfire hits the bat.
You kill the bat! 😎 MP[-1]
You lost 1 mp, and now have 3/5 mp.
Casting: Foxfire (safe; 9% risk of failure)
Confirm with . or Enter, or press ? or * to list all spells.
You conjure some foxfire!
The quokka closely misses you. The quokka closely misses you.
The quokka bites you. 😕 HP[-3] MP[-1]
You take 3 damage, and now have 11/14 hp.
MASSIVE DAMAGE!! (PAUSE)
You lost 1 mp, and now have 2/5 mp.
Unknown command.
You hit the quokka. The quokka bites you.
* * * LOW HITPOINT WARNING * * *
You are too injured to fight recklessly! 😨 HP[-5]
You take 5 damage, and now have 6/14 hp.
MASSIVE DAMAGE!! (PAUSE)
You hit the quokka but do no damage. The quokka closely misses you. 😨 MP[+1]
You hit the quokka. The quokka barely misses you.
Unknown command.
You closely miss the quokka. The quokka barely misses you.
You closely miss the quokka. The quokka misses you. The quokka bites you.
* * * LOW HITPOINT WARNING * * *
😨 HP[-1]
You take 1 damage, and now have 5/14 hp.
You miss the quokka. The quokka barely misses you.
You hit the quokka but do no damage. The quokka barely misses you.
You closely miss the quokka. The quokka closely misses you.
Unknown command.
You closely miss the quokka. The quokka barely misses you.
You miss the quokka. The quokka bites you.
* * * LOW HITPOINT WARNING * * *
The quokka bites you.
You die...

Skill      XL: |  1 |
---------------+----+-----
Conjurations   | 1 |  1.1
Dodging        | |  1.7
Stealth        | |  1.7
Spellcasting   | |  1.8
Fire Magic     | |  2.8

Action                   || total
-------------------------++-------
Melee: Unarmed           ||    10
 Cast: Foxfire           ||     9
Dodge: Dodged            ||    11

Levels and vault maps discovered:
D:1:      eino_arrival_cavern_c, layout_basic

Notes
Turn   | Place    | Note
-------+----------+-------------------------------------------
     0 | D:1      | kae the Demigod Fire Elementalist began the quest for the
                  | Orb.
     0 | D:1      | Reached XP level 1. HP: 14/14 MP: 5/5
     0 | D:1      | magus.rc [v1.11.3]
    30 | D:1      | Reached skill level 1 in Conjurations
   265 | D:1      | Slain by a quokka

Vanquished Creatures
  A bat (D:1)
  An endoplasm (D:1)
  A frilled lizard (D:1)
3 creatures vanquished.

Vanquished Creatures (others)
  13 foxfires (D:1)
13 creatures vanquished.

Grand Total: 16 creatures vanquished

Table legend:
 A = Non-vault XP
 B = Vault XP
 C = Vault XP percentage of total XP
 D = Non-vault monster count
 E = Vault monster count
 F = Vault count percentage of total count
                 A         B        C        D         E       F
            +---------+---------+-------+---------+---------+-------
      Total |       5 |       0 |   0.0 |       3 |       0 |   0.0
            +---------+---------+-------+---------+---------+-------
        D:1 |       5 |       0 |   0.0 |       3 |       0 |   0.0
            +---------+---------+-------+---------+---------+-------

Illustrated notes

Table legend:
 A = Kills in this place as a percentage of kills in entire the game.
 B = Kills by you in this place as a percentage of kills by you in the entire game.
 C = Kills by friends in this place as a percentage of kills by friends in the entire game.
 D = Other kills in this place as a percentage of other kills in the entire game.
 E = Experience gained in this place as a percentage of experience gained in the entire game.
 F = Experience gained in this place divided by the number of levels of this place that you have seen.
                   A       B       C       D       E      F
               +-------+-------+-------+-------+-------+----------------------
         Total | 100.0 | 100.0 |   N/A |   N/A | 100.0 |   5.0
       Dungeon | 100.0 | 100.0 |   N/A |   N/A | 100.0 |   5.0
               +-------+-------+-------+-------+-------+----------------------

Table legend: (Time is in decaauts)
 A = Elapsed time spent in this place.
 B = Non-inter-level travel time spent in this place.
 C = Inter-level travel time spent in this place.
 D = Time resting spent in this place.
 E = Time spent auto-exploring this place.
 F = Levels seen in this place.
 G = Mean time per level.
                   A        B        C        D        E       F      G
               +--------+--------+--------+--------+--------+-----+--------+
         Total |    265 |    265 |      0 |      0 |    229 |   1 |  265.0 |
       Dungeon |    265 |    265 |      0 |      0 |    229 |   1 |  265.0 |
               +--------+--------+--------+--------+--------+-----+--------+

Top non-repeatable levels by time:
     D:1: 265 daAuts
